 Dungeon Crawl Stone Soup version 0.31-a0-516-gfcb59812bd (webtiles) character file.

Game seed: 16263512196604892224

1590 Morbidden the Ducker (level 9, -15/63 HPs)
             Began as a Djinni Conjurer on Aug 10, 2023.
             Was a Believer of Cheibriados.
             Demolished by an ogre
             ... wielding a +0 giant club
              (18 damage)
             ... on level 6 of the Dungeon.
             The game lasted 00:07:13 (4861 turns).

Morbidden the Ducker (Djinni Conjurer)              Turns: 4861, Time: 00:07:14

Health: -15/63     AC:  7    Str: 14    XL:     9   Next: 15%
Gold:   288        EV: 14    Int: 25    God:    Cheibriados [**....] SH:  5 Dex: 15

rFire   + + .        a - +3 scythe
rCold   . . .        (shield currently unavailable)
rNeg    . . .        u - +0 leather armour {rC+}
rPois   ∞            j - +0 helmet
rElec   .            y - +1 cloak
rCorr   .            (no gloves)
SInv    .            (boots unavailable)
Will    .....        n - amulet of reflection
Stlth   ++           (no ring)
HPRegen 0.30/turn    (no ring)
MPRegen 0.00/turn

%: reflection, infuse magic (-16 HP)
@: attractive, flying, very slow
A: sickness immunity, fire resistance 2, cold vulnerability 1, float, innate
caster, HP casting, extra vitality 1
a: Renounce Religion, Bend Time


You were on level 6 of the Dungeon.
You worshipped Cheibriados.
Cheibriados was pleased with you.
You visited 2 branches of the dungeon, and saw 7 of its levels.

You collected 288 gold pieces.

Inventory:

Hand Weapons
 a - a +3 scythe (weapon)
Missiles
 e - 12 poisoned darts
 t - 6 javelins
Armour
 j - a +0 helmet (worn)
 u - a +0 leather armour of cold resistance (worn)
 y - a +1 cloak (worn)
Jewellery
 n - an amulet of reflection (around neck)
Talismans
 s - a flux talisman
Scrolls
 c - a scroll of vulnerability {unknown}
 f - 2 scrolls of fear {unknown}
 h - 2 scrolls of amnesia {unknown}
 k - a scroll of noise {unknown}
 l - a scroll of fog
 o - 6 scrolls of identify {unknown}
 w - 2 scrolls of poison {unknown}
Potions
 b - 2 potions of haste
 d - 2 potions of degeneration {unknown}
 g - 3 potions of attraction
 i - a potion of brilliance {unknown}
 m - 2 potions of curing {unknown}
 p - a potion of berserk rage {unknown}
 q - a potion of lignification {unknown}
 r - a potion of mutation {unknown}
 v - a potion of might {unknown}
 x - a potion of enlightenment {unknown}
 z - a potion of magic {unknown}


   Skills:
 * Level 4.6 Fighting
 + Level 0.3 Polearms
 * Level 4.6 Armour
 * Level 6.0 Dodging
 + Level 2.6 Stealth
 + Level 0.4 Shields
 * Level 4.9 Spellcasting
 * Level 4.9 Conjurations
 * Level 4.9 Hexes
 * Level 4.9 Summonings
 * Level 4.9 Necromancy
 * Level 4.9 Translocations
 * Level 4.9 Transmutations
 * Level 4.9 Fire Magic
 * Level 4.9 Ice Magic
 * Level 4.9 Air Magic
 * Level 4.9 Earth Magic
 * Level 4.9 Poison Magic
 * Level 2.4 Shapeshifting


You knew the following spells:

 Your Spells              Type           Power      Damage    Failure   Level
a - Magic Dart            Conj           100%       1d8       1%          1
b - Vampiric Draining     Necr           30%        2d8       4%          3
c - Dazzling Flash        Conj/Hex       60%        N/A       4%          3
d - Fulminant Prism       Conj/Hex       15%        3d10      13%         4
e - Gell's Gravitas       Tloc           30%        N/A       4%          3
f - Necrotise             Necr           100%       1d9       1%          1
g - Lesser Beckoning      Tloc           60%        N/A       1%          2
h - Searing Ray           Conj           60%        2d6       1%          2
z - Iskenderun's Mystic   Conj/Tloc      30%        2d8       13%         4
Your spell library was empty.

Dungeon Overview and Level Annotations

Branches:
Dungeon (6/15)             Temple (1/1) D:4

Altars:
Ashenzari
Cheibriados
Dithmenos
Elyvilon
Fedhas
Gozag
Makhleb
Nemelex Xobeh
Okawaru
Qazlal
Ru
The Shining One

Shops:
D:4 =

Annotations:
D:6 1 transporter


Innate Abilities, Weirdness & Mutations

You are immune to sickness and miasma.
You are immune to poison.
Your flesh is very heat resistant. (rF++)
You are vulnerable to cold. (rC-)
You float through the air rather than walking.
You learn spells naturally, not from books.
Your magical power is your life essence.
You have superior vitality. (+4 MHP)


Message History

Aim: an ogre, wielding a +0 giant club (severely wounded, chance to affect: 83%)
The ogre writhes in agony.
Unknown command.
Unknown command.
Casting: Necrotise (safe; 1% risk of failure)
Confirm with . or Enter, or press ? or * to list all spells.
Aiming: Vampiric Draining (dangerous; 4% risk of failure)
Press: ? - help, Shift-Dir - straight line, f/p - ogre
Aim: an ogre, wielding a +0 giant club (severely wounded)
You draw life force from the ogre!
You feel life coursing into your body.
The ogre hits you with a +0 giant club!!
* * * LOW HITPOINT WARNING * * *
Unknown command.
Unknown command.
Unknown command.
Unknown command.
Unknown command.
Casting: Vampiric Draining (dangerous; 4% risk of failure)
Confirm with . or Enter, or press ? or * to list all spells.
You don't have enough health to cast this spell.
Unknown command.
Unknown command.
Unknown command.
Unknown command.
Okay, then.
Okay, then.
Okay, then.
Unknown command.
Okay, then.
Okay, then.
It was a potion of attraction.
You feel attractive to monsters. The wight is attracted toward you.
Unknown command.
Okay, then.
Okay, then.
As you read the scroll labelled GONTEE AHISUOM, it dissolves into smoke.
It was a scroll of fog.
The ogre hits you with a +0 giant club!!
You die...

...#...).K.$.#..##
..©#..©$...$_#©..#
#..#.......()#....
#.#.......($#....
#.#8.......8#....
#.##..KsoW.##....
#..#########§.#
####.....§§§z§)#
.......<.§O@§§.#
#####..#########
#... #... #...
.... ###.. #..


You could see a wraith, an orc warrior, a kobold brigand, an ogre, a scorpion
and a wight.

Vanquished Creatures
  Grinder (D:3)
  Sigmund (D:2)
  A wraith (D:6)
  A water moccasin (D:4)
  A black bear (D:5)
  An orc warrior (D:5)
  A centaur (D:5)
  2 wights (D:6)
  2 hounds (D:5)
  Crazy Yiuf (D:5)
  2 sleepcaps (D:5)
  4 iguanas
  Natasha (twice) (D:3)
  5 orc wizards
  Robin (D:3)
  4 adders
  3 gnolls (D:5)
  A white imp (D:5)
  3 worms (D:3)
  2 dart slugs
  18 orcs
  A bat (D:1)
  5 endoplasms
  3 giant cockroaches
  16 goblins
  7 hobgoblins
  6 jackals
  4 quokkas
  7 ball pythons
  2 frilled lizards
  9 kobolds
  2 rats
119 creatures vanquished.

Vanquished Creatures (others)
  2 fulminant prisms
2 creatures vanquished.

Grand Total: 121 creatures vanquished

Notes
Turn   | Place    | Note
-------+----------+-------------------------------------------
     0 | D:1      | Morbidden the Djinni Conjurer began the quest for the Orb.
     0 | D:1      | Morbidden set off with the following spells memorised:
                  | Magic Dart, Searing Ray, Dazzling Flash, Fulminant Prism,
                  | Iskenderun's Mystic Blast.
     0 | D:1      | Reached XP level 1. HP: 15/15 MP: 0/0
   110 | D:1      | Reached XP level 2. HP: 7/21 MP: 0/0
   324 | D:1      | Found a faded altar of an unknown god.
   471 | D:1      | Reached XP level 3. HP: 24/26 MP: 0/0
   471 | D:1      | Learned a level 1 spell: Necrotise
  1008 | D:2      | Reached skill level 1 in Fighting
  1008 | D:2      | Reached skill level 1 in Armour
  1136 | D:2      | Noticed Sigmund
  1151 | D:2      | Killed Sigmund
  1152 | D:2      | Reached skill level 3 in Dodging
  1152 | D:2      | Reached XP level 4. HP: 19/33 MP: 0/0
  1152 | D:2      | Reached XP level 5. HP: 22/38 MP: 0/0
  1152 | D:2      | Learned a level 2 spell: Lesser Beckoning
  1152 | D:2      | Reached XP level 6. HP: 25/43 MP: 0/0
  1271 | D:2      | Reached skill level 4 in Dodging
  1535 | D:3      | Found an opulent altar of Gozag.
  1565 | D:3      | Noticed Grinder
  1575 | D:3      | Paralysed by Grinder for 5 turns
  1582 | D:3      | HP: 2/43 [Grinder (4)]
  1585 | D:3      | Paralysed by Grinder for 4 turns
  1590 | D:3      | Killed Grinder
  1591 | D:3      | Reached XP level 7. HP: 22/49 MP: 0/0
  1591 | D:3      | Learned a level 3 spell: Vampiric Draining
  2032 | D:3      | Noticed Robin
  2053 | D:3      | Killed Robin
  2167 | D:3      | Noticed Natasha
  2172 | D:3      | Killed Natasha
  2250 | D:3      | Noticed Natasha
  2256 | D:3      | Killed Natasha
  2372 | D:4      | Found Yhiam's Jewellery Shop.
  2514 | D:4      | Found a staircase to the Ecumenical Temple.
  2571 | Temple   | Entered the Ecumenical Temple
  2585 | Temple   | Became a worshipper of Cheibriados the Contemplative
  2726 | D:4      | Found a burning altar of Makhleb.
  2769 | D:4      | Noticed a water moccasin
  2773 | D:4      | Killed a water moccasin
  2774 | D:4      | Reached skill level 1 in Shapeshifting
  2928 | D:4      | Reached skill level 5 in Dodging
  2933 | D:4      | Reached XP level 8. HP: 47/56 MP: 0/0
  3528 | D:5      | Entered Level 5 of the Dungeon
  3592 | D:5      | Reached * piety under Cheibriados
  4199 | D:5      | Found a runed translucent door.
  4200 | D:5      | Identified the +7 hammer "Utunebit" {speed, rN+ Dex+3}
  4200 | D:5      | Noticed Crazy Yiuf
  4743 | D:5      | Killed Crazy Yiuf
  4768 | D:5      | Identified the +4 hammer of Resumed Hostilities {freeze,
                  | rCorr Str-5 Stlth+}
  4834 | D:6      | Noticed a wraith
  4834 | D:6      | Found a transporter.
  4834 | D:6      | Found a blossoming altar of Fedhas.
  4836 | D:6      | Noticed a wraith
  4845 | D:6      | Killed a wraith
  4845 | D:6      | Reached ** piety under Cheibriados
  4846 | D:6      | Reached skill level 6 in Dodging
  4846 | D:6      | Reached XP level 9. HP: 42/63 MP: 0/0
  4846 | D:6      | Learned a level 3 spell: Gell's Gravitas
  4859 | D:6      | HP: 2/63 [ogre/+0 giant club (21)]
  4861 | D:6      | Demolished by an ogre

Illustrated notes

Levels and vault maps discovered:
D:1:      saegor_arrival_fortress, layout_basic,
          hellmonk_ecumenical_altar_slurped_away
D:2:      layout_rooms, minmay_hedge_maze, st_stairs_14,
          chequers_serial_rivers_micro_b, uniq_sigmund
D:3:      layout_basic, mainiacjoe_overflow_catwalk, uniq_natasha, uniq_robin,
          uniq_grinder
D:4:      layout_basic, mainiacjoe_overflow_boulevard,
          mainiacjoe_overflow_concentric_impassable,
          minmay_temple_entry_statues_fountains, serial_shops, shop
D:5:      layout_gridville, minmay_stone_trees_large, serial_bayou_crossing,
          uniq_crazy_yiuf_cottage
D:6:      layout_loops_ring, eat_drink_and_be_merry_uskayaw,
          gammafunk_temple_overflow_arena
Temple:   chequers_temple_sunken

Skill      XL: |  1  2  3  4  5  6  7  8 |
---------------+-------------------------+-----
Fighting       | 2 3 4 |  4.6
Armour         | 2 3 4 |  4.6
Dodging        | 3 4 5 6 |  6.0
Stealth        | 2 |  2.6
Spellcasting   | 4 |  4.9
Conjurations   | 4 |  4.9
Hexes          | 4 |  4.9
Summonings     | 4 |  4.9
Necromancy     | 4 |  4.9
Translocations | 4 |  4.9
Transmutations | 4 |  4.9
Fire Magic     | 4 |  4.9
Ice Magic      | 4 |  4.9
Air Magic      | 4 |  4.9
Earth Magic    | 4 |  4.9
Poison Magic   | 4 |  4.9
Shapeshifting  | 1 2 |  2.4
Polearms       | |  0.3
Shields        | |  0.4

Action                     |  1- 3 |  4- 6 |  7- 9 || total
---------------------------+-------+-------+-------++-------
  Melee: Halberd           |       |       |    12 ||    12
   Cast: Magic Dart        |    66 |    12 |   143 ||   221
         Searing Ray       |     2 |     3 |     2 ||     7
         Vampiric Draining |       |       |    60 ||    60
         Dazzling Flash    |       |       |     4 ||     4
         Fulminant Prism   |       |       |     2 ||     2
         Iskenderun's Myst |       |       |     4 ||     4
         Necrotise         |       |       |     2 ||     2
    Use: Potion            |     2 |     1 |     1 ||     4
         Scroll            |       |       |     1 ||     1
 Armour: Robe              |     6 |       |     1 ||     7
         Leather armour    |       |       |    20 ||    20
  Dodge: Dodged            |    11 |     2 |    52 ||    65
  Block: Other             |       |     1 |    17 ||    18
         Reflection        |       |       |     2 ||     2

Table legend: (Time is in decaauts)
 A = Elapsed time spent in this place.
 B = Non-inter-level travel time spent in this place.
 C = Inter-level travel time spent in this place.
 D = Time resting spent in this place.
 E = Time spent auto-exploring this place.
 F = Levels seen in this place.
 G = Mean time per level.
                   A        B        C        D        E       F      G
               +--------+--------+--------+--------+--------+-----+--------+
         Total |   5414 |   5082 |    332 |      2 |   4391 |   7 |  773.4 |
       Dungeon |   5381 |   5065 |    316 |      2 |   4391 |   6 |  896.8 |
        Temple |     32 |     16 |     16 |      0 |      0 |   1 |   32.0 |
               +--------+--------+--------+--------+--------+-----+--------+

Top non-repeatable levels by time:
     D:5: 1619 daAuts
     D:4: 1451 daAuts
     D:1: 973 daAuts
     D:3: 775 daAuts
     D:2: 526 daAuts
     D:6: 35 daAuts
  Temple: 32 daAuts
